 Dungeon Crawl Stone Soup version 0.13.0-19-g8e0b589 (webtiles) character file.

357 4tharraofdagon the Chopper (level 6, -8/73 HPs)
             Began as a Demonspawn Berserker on Oct 24, 2013.
             Was a Believer of Trog.
             Mangled by an orc warrior
             ... wielding a +0,+1 orcish war axe
              (17 damage)
             ... on Level 6 of the Dungeon.
             The game lasted 00:03:13 (629 turns).

4tharraofdagon the Chopper (Demonspawn Berserker)    Turns: 629, Time: 00:03:13

HP  -8/73        AC  3     Str 25      XL: 6   Next: 28%
MP   5/5         EV 11     Int  8      God: Trog [**....]
Gold 21          SH  6     Dex 12      Spells:  0 memorised,  5 levels left

Res.Fire  : . . .   See Invis. : .   a - +0 hand axe {=f}
Res.Cold  : . . .   Warding    : .   b - +0 animal skin
Life Prot.: . . .   Conserve   : .   h - +0 buckler
Res.Poison: .       Res.Corr.  : .   (helmet restricted)
Res.Elec. : .       Clarity    : .   (no cloak)
Sust.Abil.: + .     Spirit.Shd : .   (no gloves)
Res.Mut.  : .       Stasis     : .   p - +0 pair of boots
Res.Rott. : .       Flight     : .   (no amulet)
Saprovore : . . .                    (no ring)
                                     o - ring of sustain abilities {unknown}

@: regenerating (expiring), berserking, very quick, quite resistant to hostile
enchantments, extremely unstealthy
A: antennae 1, hooves 1, powered by death 1
a: Burn Spellbooks, Berserk, Trog's Hand, Renounce Religion


You were on level 6 of the Dungeon.
You worshipped Trog.
Trog was pleased with you.
You were hungry.

You visited 1 branch of the dungeon, and saw 7 of its levels.

You collected 111 gold pieces.
You spent 110 gold pieces at shops.

Inventory:

Hand weapons
 a - a +0,+0 hand axe (weapon) {=f}
Armour
 b - a +0 animal skin (worn)
 h - a +0 buckler (worn)
 p - a +0 pair of boots (worn)
Magical devices
 m - a wand of flame (14)
Comestibles
 c - 2 bread rations
 i - a beef jerky
Scrolls
 e - 8 scrolls of identify {unknown}
 q - a scroll of enchant armour {unknown}
Jewellery
 o - a ring of sustain abilities (left hand) {unknown}
Potions
 d - a potion of brilliance {unknown}
 f - a potion of magic {unknown}
 g - a potion of resistance {unknown}
 j - a potion of confusion {unknown}
 k - a potion of slowing {unknown}
 l - a potion of speed {unknown}
 n - a potion of berserk rage {unknown}
 r - 2 potions of heal wounds
 s - 2 potions of curing


   Skills:
 + Level 4.4 Fighting
 * Level 4.9 Axes
 + Level 3.3 Armour
 - Level 1.7 Dodging


You had 5 spell levels left.
You didn't know any spells.

Dungeon Overview and Level Annotations

Branches:
Dungeon (7/27)
 Temple: D:4-7          Orc: D:6-11

Altars:
Nemelex Xobeh

Shops:
D:7 !

Annotations:
D:3 4tharraofdagon's ghost, weakling DsBe


Innate Abilities, Weirdness & Mutations

You have a pair of small antennae on your head.
You have large cloven feet.
You can steal the life force of nearby defeated enemies.


Message History

Increase (S)trength, (I)ntelligence, or (D)exterity?
You feel stronger.
Your demonic ancestry asserts itself...
Your feet thicken and deform.
The giant frog closely misses you. It hits you but does no damage.
The giant mite bites you.
* * * LOW HITPOINT WARNING * * *
Unknown command.
You hit the giant mite.
You kill the giant mite!
Trog accepts your kill.
You barely miss the giant frog.
You hit the orc warrior but do no damage.
You slash the orc!
The orc is almost dead.
The giant frog hits you but does no damage.
You hear some strange, mumbled words.
The puff of flame hits you!
* * * LOW HITPOINT WARNING * * *
The orc warrior hits you with an orcish war axe!
You die...

... ##...... # .......$.
#.. ......o . #.# ......
$. #.# #.... ..$ #.#
#.o.# .#.## #.#
#.)o#.....#. ## #.#
#o@.I......
..##.######F%#o.....##.
#.#...........#.....<..#
#.#..######...# ....#..
#.#..# #...# ...#..
#.(..# ....# . ...
###..# .##.# #.####
######.<#####. .# #.##..
.....(.......#. .#
#.##.#


You could see 2 orc warriors, a sky beast, a giant frog and 3 orcs.

Vanquished Creatures
  An orc warrior (D:6)
  A black bear (D:6)
  A jelly (D:7)
  2 iguanas (D:7)
  An orc priest (D:6)
  A hound skeleton (D:4)
  A giant mite (D:6)
  An orc (D:6)
  4 bats
  A giant cockroach (D:3)
  3 hobgoblins
  2 kobolds
  A quokka (D:3)
  A giant newt (D:2)
  A hobgoblin zombie (D:6)
  A quokka zombie (D:7)
  3 rats
26 creatures vanquished.

Notes
Turn   | Place    | Note
--------------------------------------------------------------
     0 | D:1      | 4tharraofdagon, the Demonspawn Berserker, began the quest for the Orb.
     0 | D:1      | Reached XP level 1. HP: 18/18 MP: 0/0
   188 | D:3      | Gained mutation: You can steal the life force of nearby defeated enemies. [demonic ancestry]
   188 | D:3      | Reached XP level 2. HP: 10/24 MP: 1/1
   200 | D:3      | Noticed 4tharraofdagon's ghost (weakling DsBe)
   301 | D:5      | Entered Level 5 of the Dungeon
   405 | D:7      | Reached XP level 3. HP: 30/30 MP: 2/2
   407 | D:7      | Acquired Trog's second power
   461 | D:7      | Found a sparkling altar of Nemelex Xobeh.
   546 | D:7      | Found Azizuell's Distillery.
   557 | D:7      | Gained mutation: You have a pair of small antennae on your head. [demonic ancestry]
   557 | D:7      | Reached XP level 4. HP: 36/36 MP: 3/3
   574 | D:7      | Bought 2 potions of heal wounds for 66 gold pieces
   574 | D:7      | Bought 2 potions of curing for 44 gold pieces
   601 | D:6      | Noticed a black bear
   618 | D:6      | Noticed an orc warrior
   619 | D:6      | Noticed a sky beast
   619 | D:6      | Noticed a giant frog
   620 | D:6      | Noticed an orc warrior
   623 | D:6      | Noticed an orc warrior
   623 | D:6      | Reached skill level 4 in Fighting
   623 | D:6      | Reached XP level 5. HP: 36/42 MP: 4/4
   626 | D:6      | Killed a black bear
   628 | D:6      | Killed an orc warrior
   628 | D:6      | Gained mutation: You have large cloven feet. [demonic ancestry]
   628 | D:6      | Reached XP level 6. HP: 11/49 MP: 5/5
   629 | D:6      | Mangled by an orc warrior

Action                   |  1- 3 |  4- 6 || total
-------------------------+-------+-------++-------
Melee: Hand axe          |    61 |     8 ||    69
Invok: Berserk           |     2 |     1 ||     3
       Trog's Hand       |       |     1 ||     1
Evoke: Wand              |       |     1 ||     1
